 Dungeon Crawl Stone Soup version 0.29-a0-551-gffc1d7fb78 (webtiles) character file.

Game seed: 11539914874754583616

4487 xian the Carver (level 10, -9/74 HPs)
             Began as a Demonspawn Hedge Wizard on June 5, 2022.
             Was a Believer of Wu Jian.
             Killed from afar by an electric eel (11 damage)
             ... with a bolt of electricity
             ... on level 8 of the Dungeon.
             The game lasted 00:34:07 (10130 turns).

xian the Carver (Demonspawn Hedge Wizard)          Turns: 10130, Time: 00:34:08

Health: -9/74      AC:  7    Str: 13    XL:     10   Next: 16%
Magic:  18/18      EV: 16    Int: 18    God:    Wu Jian [**....]
Gold:   389        SH:  0    Dex:  9    Spells: 12/20 levels left

rFire   . . .      SeeInvis .   l - +11 plutonium sword {Contam Stlth-}
rCold   + . .      Faith    .   (shield currently unavailable)
rNeg    . . .      Spirit   .   n - +2 leather armour "Nakkikkecoty" {Will++ Dex-3 Stlth+}
rPois   .          Reflect  .   (helmet restricted)
rElec   .          Harm     .   e - +1 cloak
rCorr   .          Rampage  .   (no gloves)
Will    ++...                   (no boots)
Stlth   ++........              (no amulet)
HPRegen 0.22/turn               g - ring of protection from cold
MPRegen 0.16/turn               o - +4 ring of evasion

@: no status effects
A: horns 1, foul stench 3, condensation shield
a: Renounce Religion, Wall Jump


You were on level 8 of the Dungeon.
You worshipped Wu Jian.
Wu Jian was pleased with you.
You visited 2 branches of the dungeon, and saw 10 of its levels.
You also visited: Ossuary.

You collected 389 gold pieces.

Inventory:

Hand Weapons
 c - a +3 hunting sling of freezing
 f - the +3 woodcutter's axe {vorpal}
   (You found it on level 6 of the Dungeon)

   It inflicts extra damage upon your enemies.
 l - the +11 plutonium sword (weapon) {Contam Stlth-}
   (You found it on level 2 of the Dungeon)

   It occasionally inflicts wild transmutation effects on those it strikes,
   inflicting malmutation or extra damage, or polymorphing them into a new form.
   Contam:    It causes magical contamination when unequipped.
   Stlth:     It makes you less stealthy.
Missiles
 b - 4 silver javelins
Armour
 e - a +1 cloak (worn)
 n - the +2 leather armour "Nakkikkecoty" (worn) {Will++ Dex-3 Stlth+}
   (You found it on level 7 of the Dungeon)

   Dex:       It affects your dexterity (-3).
   Will:      It greatly increases your willpower.
   Stlth:     It makes you more stealthy.
Jewellery
 g - a ring of protection from cold (left hand)
 o - a +4 ring of evasion (right hand)
 w - a ring of protection from fire
Wands
 i - a wand of iceblast (12)
 q - a wand of digging (3)
 r - a wand of acid (12)
 s - a wand of mindburst (15)
Scrolls
 j - a scroll of amnesia
 p - a scroll of poison
 x - a scroll of teleportation
Potions
 a - 4 potions of curing
 d - 3 potions of magic
 h - a potion of brilliance {unknown}
 k - 5 potions of attraction
 m - a potion of resistance {unknown}
 t - 2 potions of heal wounds
 u - 4 potions of ambrosia
 v - 2 potions of haste


   Skills:
 + Level 5.2 Fighting
 + Level 0.8(5.6) Short Blades
 + Level 9.0 Long Blades
 + Level 3.2 Armour
 + Level 3.6 Dodging
 + Level 3.3 Stealth
 + Level 1.9 Shields
 + Level 5.5 Spellcasting
 + Level 4.0 Conjurations
 + Level 2.2 Hexes
 + Level 1.2 Summonings
 + Level 1.0 Translocations


You had 12 spell levels left.
You knew the following spells:

 Your Spells              Type           Power      Damage    Failure   Level
a - Magic Dart            Conj           76%        1d6       3%          1
b - Slow                  Hex            52%        N/A       6%          1
c - Blink                 Tloc           16%        N/A       16%         2
d - Call Imp              Summ           9%         N/A       16%         2
e - Passwall              Tmut/Erth      3%         N/A       24%         2

Your spell library contained the following spells:

 Spells                   Type           Power      Damage    Failure   Level
 Ensorcelled Hibernation  Hex/Ice        18%        N/A       16%         2
 Conjure Flame            Conj/Fire      12%        6-21      22%         3
 Mephitic Cloud           Conj/Pois/Air  9%         N/A       28%         3
 Gell's Gravitas          Tloc           8%         N/A       32%         3
 Lesser Beckoning         Tloc           8%         N/A       32%         3
 Teleport Other           Tloc           8%         N/A       32%         3
 Swiftness                Air            4%         N/A       43%         3
 Fireball                 Conj/Fire      6%         3d5       89%         5
 Starburst                Conj/Fire      6%         6d4       100%        6
 Borgnjor's Revivificati  Necr           2%         N/A       100%        8
 Ignition                 Fire           2%         3d3       100%        8
 Necromutation            Tmut/Necr      2%         N/A       100%        8
 Death's Door             Necr           2%         N/A       100%        9


Dungeon Overview and Level Annotations

Branches:
Dungeon (9/15)             Temple (1/1) D:6         Ossuary (visited)
   Lair: D:8-11         Orc: D:9-12

Altars:
Fedhas
Makhleb
Nemelex Xobeh
Sif Muna
Wu Jian
The Shining One

Annotations:
D:6 exclusion: oklob plant


Innate Abilities, Weirdness & Mutations

You have a pair of small horns on your head.
You frequently emit foul miasma when damaged in melee.
A meltable shield of frost defends you. (SH +0)


Message History

You hear a shout!
An orc comes into view. It is wielding a +0 whip.
The orc shouts!
You hear an angry buzzing noise.
The electric eel shoots out a bolt of lightning at you!
The bolt of electricity hits you!
An orc comes into view. It is wielding a +0 club.
The orc wizard points at you and mumbles some strange words.
The magic dart hits you.
A killer bee comes into view.
The centaur shoots an arrow.
The arrow hits you.
The centaur shoots an arrow.
The arrow barely misses you.
The electric eel shoots out a bolt of lightning at you!
The bolt of electricity hits you.
The orc wizard points at you and mumbles some strange words.
The puff of flame hits you.
Your condensation shield dissipates!
The centaur shoots an arrow.
The arrow hits you.
You hear a shout!
An electric eel comes into view.
You spin and attack the killer bee.
You slice the killer bee!!
You kill the killer bee!
The Council accepts your kill.
The electric eel shoots out a bolt of lightning at you!
The bolt of electricity hits you!
You see here a killer bee corpse.
An electric eel is nearby!
An electric eel is nearby!
A killer bee comes into view.
The killer bee moves out of view.
The electric eel shoots out a bolt of lightning at you!
The bolt of electricity hits the electric eel.
The electric eel completely resists.
The bolt of electricity hits you!
* * * LOW HITPOINT WARNING * * *
A killer bee comes into view.
The killer bee buzzes angrily.
The electric eel shoots out a bolt of lightning at you!
The bolt of electricity hits you!
* * * LOW HITPOINT WARNING * * *
The bolt of electricity hits you!
You die...

############....#
#..............##
#.##########...# #.#
#....#
#.#########)#####
#...........# #.
#.###....#### #.
##.##....≈#≈ #.
####@.#..≈≈≈≈≈≈ #.
#.........≈≈≈≈≈ #.
#†##....≈≈≈≈≈≈# #.
#.##...SS≈≈P≈## #.
##.#..≈PP≈≈≈≈P.. #.
#.....≈≈y≈o≈≈≈.. #.
#.....≈≈≈c≈.≈..# ##.
#..^≈.≈≈≈≈.≈.... #.#
#..P≈S≈≈≈o≈....#####<#


You could see a centaur, a killer bee, 2 electric eels and an orc wizard.

Vanquished Creatures
  Sigmund (D:6)
  A shadow (D:6)
  A spriggan (D:6)
  A wraith (Ossuary)
  5 yaks (D:6)
  Menkaure (D:7)
  5 water moccasins
  An orc warrior (D:7)
  2 ice beasts (D:6)
  3 ogres
  A sky beast (D:6)
  A phantom (D:5)
  5 bullfrogs
  A gnoll sergeant (D:6)
  2 necrophages
  2 scorpions
  4 wights (D:7)
  A killer bee (D:8)
  Crazy Yiuf (D:7)
  4 hounds (D:5)
  8 jellies
  2 orc priests
  5 iguanas
  A mummy (Ossuary)
  9 gnolls
  9 adders
  A shadow imp (D:5)
  4 white imps
  2 worms
  3 dart slugs
  13 orcs
  26 endoplasms
  3 giant cockroaches
  3 goblins
  6 hobgoblins
  2 quokkas
  8 ball pythons
  5 bats (D:2)
  A frilled lizard (D:2)
  8 gnoll skeletons (Ossuary)
  4 kobolds
  2 kobold skeletons (Ossuary)
  15 orc skeletons (Ossuary)
  5 rats
188 creatures vanquished.

Vanquished Creatures (others)
  5 fungi
  3 plants (D:8)
8 creatures vanquished.

Grand Total: 196 creatures vanquished

Notes
Turn   | Place    | Note
-------+----------+-------------------------------------------
     0 | D:1      | xian the Demonspawn Hedge Wizard began the quest for the
                  | Orb.
     0 | D:1      | Reached XP level 1. HP: 13/13 MP: 4/4
   320 | D:1      | Gained mutation: You may rarely emit foul miasma when
                  | damaged in melee. [demonic ancestry]
   320 | D:1      | Reached XP level 2. HP: 17/19 MP: 0/6
  1040 | D:1      | Found a faded altar of an unknown god.
  1690 | D:1      | Gained mutation: You sometimes emit foul miasma when
                  | damaged in melee. [demonic ancestry]
  1690 | D:1      | Reached XP level 3. HP: 8/24 MP: 0/8
  2109 | D:2      | Found the +11 plutonium sword {Contam Stlth-}
  2172 | D:2      | Noticed an ogre
  2177 | D:2      | Killed an ogre
  2178 | D:2      | Reached skill level 1 in Long Blades
  2178 | D:2      | Reached XP level 4. HP: 31/31 MP: 8/10
  2178 | D:2      | Gained mutation: A meltable shield of frost defends you.
                  | (SH +0) [demonic ancestry]
  2178 | D:2      | Reached XP level 5. HP: 36/36 MP: 8/11
  2577 | D:3      | Found a blossoming altar of Fedhas.
  2585 | D:3      | Learned a level 1 spell: Slow
  2588 | D:3      | Learned a level 2 spell: Blink
  2737 | D:3      | Reached XP level 6. HP: 13/40 MP: 7/12
  2750 | D:3      | Reached skill level 2 in Long Blades
  3045 | D:4      | Reached skill level 1 in Fighting
  3323 | D:4      | Found a sand-covered staircase.
  3336 | Ossuary  | Entered an ossuary
  3336 | Ossuary  | Noticed a wraith
  3336 | Ossuary  | Noticed a wraith
  3336 | Ossuary  | Noticed a wraith
  3562 | Ossuary  | Noticed a wraith
  3579 | Ossuary  | Killed a wraith
  3580 | Ossuary  | Reached skill level 3 in Long Blades
  3580 | Ossuary  | Gained mutation: You frequently emit foul miasma when
                  | damaged in melee. [demonic ancestry]
  3580 | Ossuary  | Reached XP level 7. HP: 7/50 MP: 9/13
  4281 | D:4      | Learned a level 2 spell: Call Imp
  4594 | D:5      | Entered Level 5 of the Dungeon
  4600 | D:5      | Reached skill level 1 in Translocations
  4924 | D:5      | Reached skill level 4 in Long Blades
  5078 | D:5      | Reached skill level 1 in Armour
  5178 | D:5      | Reached XP level 8. HP: 37/57 MP: 15/15
  5464 | D:5      | Found an ornate altar of the Wu Jian Council.
  5470 | D:5      | Became a worshipper of the Wu Jian Council
  5613 | D:5      | Learned a level 2 spell: Passwall
  5790 | D:5      | Found a sparkling altar of Nemelex Xobeh.
  5999 | D:6      | Reached skill level 1 in Shields
  6000 | D:6      | Reached skill level 5 in Long Blades
  6000 | D:6      | Reached skill level 1 in Hexes
  6537 | D:6      | Found a staircase to the Ecumenical Temple.
  6544 | D:6      | You fall into a shaft and drop 3 floors!
  6629 | D:7      | Noticed Menkaure
  6633 | D:7      | Killed Menkaure
  6689 | D:7      | Reached skill level 5 in Spellcasting
  6700 | D:7      | Reached skill level 6 in Long Blades
  7039 | D:7      | Gained mutation: You have a pair of small horns on your
                  | head. [demonic ancestry]
  7039 | D:7      | Reached XP level 9. HP: 49/64 MP: 16/16
  7176 | D:7      | Found a runed translucent door.
  7177 | D:7      | Noticed Crazy Yiuf
  7404 | D:7      | Reached * piety under Wu Jian
  7424 | D:7      | Identified the +2 leather armour "Nakkikkecoty" {Will++
                  | Dex-3 Stlth+}
  7976 | D:7      | Killed Crazy Yiuf
  8090 | D:6      | Found the +3 woodcutter's axe {vorpal}
  8095 | D:6      | Reached skill level 7 in Long Blades
  8153 | D:6      | Noticed Sigmund
  8157 | D:6      | Killed Sigmund
  8291 | Temple   | Entered the Ecumenical Temple
  8525 | D:6      | Reached skill level 8 in Long Blades
  8795 | D:6      | Found a shimmering blue altar of Sif Muna.
  8827 | D:6      | Reached skill level 5 in Fighting
  8827 | D:6      | Reached XP level 10. HP: 38/74 MP: 18/18
  9278 | D:6      | Noticed an oklob plant
  9383 | D:6      | Reached skill level 9 in Long Blades
  9572 | D:6      | Reached ** piety under Wu Jian
 10130 | D:8      | HP: 2/74 [electric eel/bolt of electricity (17)]
 10130 | D:8      | Killed from afar by an electric eel

Illustrated notes

Levels and vault maps discovered:
D:1:      grunt_arrival_lava_bath, layout_basic,
          chequers_ecumenical_altar_island
D:2:      layout_rooms
D:3:      layout_loops_ring, fedhas_altar_3, okawaru_altar_gauntlet_db,
          dilly_guarded_unrand_throatcut
D:4:      layout_cave_pods, nicolae_ossuary_entry_ruins
D:5:      layout_loops_cross, mainiacjoe_overflow_24_doors,
          nemelex_diamond_rough_becter, kennysheep_boxes
D:6:      lemuel_slime, layout_rooms, nicolae_tso_carved_into_rock,
          mainiacjoe_overflow_alcove_1, minmay_temple_entry_crystal_x,
          uniq_sigmund
D:7:      layout_loops_ring, uniq_menkaure, uniq_crazy_yiuf_cottage
D:8:      cheibrodos_barr_body, layout_loops_ring, chequers_big_river
D:9:      layout_loops_ring, cheibriados_altar_1,
          hangedman_abyss_or_decor_passed, nicolae_benzene_ring,
          onia_ninara_dug_in_and_dangerous
Temple:   dshaligram_water_room_temple

Skill      XL: |  1  2  3  4  5  6  7  8  9 10 |
---------------+-------------------------------+-----
Stealth        | 2 3 |  3.3
Long Blades    | 1 3 4 6 8 9 |  9.0
Dodging        | 2 3 |  3.6
Spellcasting   | 4 5 |  5.5
Conjurations   | 2 3 4 |  4.0
Fighting       | 2 3 5 |  5.2
Translocations | 1 |  1.0
Armour         | 1 2 3 |  3.2
Shields        | 1 |  1.9
Hexes          | 1 2 |  2.2
Short Blades   | |  0.8
Summonings     | |  1.2

Action                   |  1- 3 |  4- 6 |  7- 9 | 10-12 || total
-------------------------+-------+-------+-------+-------++-------
Melee: Dagger            |     9 |       |       |       ||     9
       Triple sword      |     8 |    77 |   207 |    49 ||   341
       Headbutt          |       |       |    14 |     4 ||    18
 Cast: Magic Dart        |    81 |    48 |    39 |       ||   168
       Slow              |       |     4 |    16 |     1 ||    21
       Blink             |       |     1 |       |     4 ||     5
       Call Imp          |       |       |     2 |       ||     2
       Passwall          |       |       |       |     1 ||     1
Invok: Lunge             |       |       |    11 |    15 ||    26
       Whirlwind         |       |       |     3 |     2 ||     5
  Use: Scroll            |       |     1 |    18 |     1 ||    20
 Stab: Distracted        |       |       |       |     2 ||     2
       Sleeping          |       |       |       |     1 ||     1
Armor: Robe              |     7 |    18 |    10 |       ||    35
       Leather armour    |       |       |    40 |     6 ||    46
Dodge: Dodged            |    37 |    68 |   155 |    22 ||   282
Block: Other             |       |    15 |    46 |     1 ||    62

Table legend: (Time is in decaauts)
 A = Elapsed time spent in this place.
 B = Non-inter-level travel time spent in this place.
 C = Inter-level travel time spent in this place.
 D = Time resting spent in this place.
 E = Time spent auto-exploring this place.
 F = Levels seen in this place.
 G = Mean time per level.
                   A        B        C        D        E       F      G
               +--------+--------+--------+--------+--------+-----+--------+
         Total |  10298 |  10024 |    274 |    940 |   6736 |  11 |  936.2 |
       Dungeon |   9390 |   9116 |    274 |    720 |   6341 |   9 | 1043.3 |
        Temple |    225 |    225 |      0 |    220 |      0 |   1 |  225.0 |
       Ossuary |    683 |    683 |      0 |      0 |    395 |   1 |  683.0 |
               +--------+--------+--------+--------+--------+-----+--------+

Top non-repeatable levels by time:
     D:6: 1957 daAuts
     D:5: 1744 daAuts
     D:1: 1593 daAuts
     D:7: 1543 daAuts
     D:4: 1180 daAuts
     D:2: 874 daAuts
 Ossuary: 683 daAuts
     D:3: 332 daAuts
  Temple: 225 daAuts
     D:8: 155 daAuts
     D:9: 7 daAuts
